 Dungeon Crawl Stone Soup version 0.20.1-1-g8b1a95d (webtiles) character file.

222 homeworkjunkie the Chopper (level 5, -9/47 HPs)
             Began as a Hill Orc Fighter on Nov 12, 2017.
             Mangled by a blink frog (15 damage)
             ... on level 1 of the Abyss.
             The game lasted 00:02:48 (1575 turns).

homeworkjunkie the Chopper (Hill Orc Fighter)       Turns: 1575, Time: 00:02:49

Health: -9/47      AC:  8    Str: 19    XL:     5   Next: 99%
Magic:  5/5        EV:  7    Int:  8    God:
Gold:   95         SH:  9    Dex: 11    Spells: 4/4 levels left

rFire    + . .     SeeInvis .   e - +1 hand axe (flame)
rCold    + . .     Gourm    .   c - +0 shield
rNeg     . . .     Faith    .   b - +0 scale mail
rPois    +         Spirit   .   g - +0 helmet
rElec    +         Reflect  .   (no cloak)
rCorr    +         Harm     .   (no gloves)
MR       .....                  (no boots)
Stlth    ..........             (no amulet)
Regen    0.2/turn               (no ring)
MPRegen  0.1/turn               (no ring)

@: resistant
A: no striking features
a: no special abilities


You were on level 1 of the Abyss.
You were not hungry.

You visited 1 branch of the dungeon, and saw 4 of its levels.
You visited the Abyss 1 time.

You collected 95 gold pieces.

Inventory:

Hand Weapons
 e - a +1 hand axe of flaming (weapon)
Armour
 b - a +0 scale mail (worn)
 c - a +0 shield (worn)
 g - a +0 helmet (worn)
 l - a +1 large shield of protection
Scrolls
 a - a scroll of remove curse {unknown}
 j - a scroll of identify
Potions
 d - a potion of might
Comestibles
 f - 2 bread rations
 h - a meat ration
 i - a royal jelly


   Skills:
 * Level 4.5 Fighting
 * Level 4.9 Axes
 * Level 4.7 Armour
 + Level 0.4 Dodging
 * Level 4.3 Shields


You had 4 spell levels left.
You didn't know any spells.

Dungeon Overview and Level Annotations

Branches:
Dungeon (4/15)
 Temple: D:4-7

Altars:
Dithmenos
Makhleb
Xom
The Shining One


Message History

The deep elf archer disappears in a puff of smoke!
The deep elf mage gestures wildly while chanting.
The hell rat roars deafeningly!
It was a potion of resistance.
You feel protected.
You block the small abomination's attack.
The worldbinder hits you but does no damage.
The worldbinder hits you.
* * * LOW HITPOINT WARNING * * *
The worldbinder barely misses you.
The worldbinder hits you but does no damage. 2 blink frogs come into view.
The blink frog croaks. x2; You hear a croak.
You hear a loud, deep croak! x2
The deep elf mage disappears in a puff of smoke!
The hell rat disappears in a puff of smoke! x2
The worldbinder calls forth creatures from the Elven Halls!
A blink frog comes into view.
The blink frog gives a loud, deep croak!
The blink frog blinks!
The blink frog hits you!
You die...

#. . ### # #F##e#
.#.#F#.e##
#..##@§#x#.#
#.XF#e##.#
#..#§x..#.#
##...#F##.#
#e#.§#.#.### ...#.#
.#....
#..#...#.#.#.#####.
. #....r#.#....#...
###..# .##.#.. .


You could see 3 deep elf knights, a large abomination, 4 blink frogs and a small
abomination.

Vanquished Creatures
  An ogre (D:3)
  A worker ant (D:4)
  5 adders
  An ooze (D:3)
  3 worms
  8 orcs (D:3)
  A bat (D:2)
  7 giant cockroaches
  3 goblins (D:3)
  4 hobgoblins
  6 kobolds
  2 ball pythons
  A frilled lizard (D:3)
  6 rats
49 creatures vanquished.

Notes
Turn   | Place    | Note
-------+----------+-------------------------------------------
     0 | D:1      | homeworkjunkie the Hill Orc Fighter began the quest for the Orb.
     0 | D:1      | Reached XP level 1. HP: 19/19 MP: 1/1
    91 | D:2      | Reached XP level 2. HP: 22/27 MP: 2/2
   218 | D:2      | Reached XP level 3. HP: 24/33 MP: 3/3
   303 | D:4      | Reached XP level 4. HP: 18/40 MP: 4/4
   830 | D:3      | Noticed an ogre
   840 | D:3      | Killed an ogre
   840 | D:3      | Reached XP level 5. HP: 33/47 MP: 5/5
  1423 | D:3      | Found a glowing golden altar of the Shining One.
  1423 | D:3      | Found a shadowy altar of Dithmenos.
  1510 | D:3      | Found a burning altar of Makhleb.
  1510 | D:3      | Found a shimmering altar of Xom.
  1523 | D:3      | Cast into level 1 of the Abyss (crimson imp)
  1546 | Abyss:1  | Noticed a large abomination
  1561 | Abyss:1  | Noticed a small abomination
  1565 | Abyss:1  | Noticed a worldbinder
  1566 | Abyss:1  | Noticed a deep elf mage
  1566 | Abyss:1  | Noticed a deep elf archer
  1567 | Abyss:1  | Noticed a deep elf archer
  1567 | Abyss:1  | Noticed a deep elf mage
  1574 | Abyss:1  | Noticed a deep elf knight
  1574 | Abyss:1  | Noticed a blink frog
  1574 | Abyss:1  | Noticed a blink frog
  1575 | Abyss:1  | Noticed a deep elf knight
  1575 | Abyss:1  | Noticed a deep elf knight
  1575 | Abyss:1  | Noticed a deep elf knight
  1575 | Abyss:1  | Noticed a blink frog
  1575 | Abyss:1  | Mangled by a blink frog

Skill      XL: |  1  2  3  4 |
---------------+-------------+-----
Axes           | 3 4 |  4.9
Fighting       | 4 |  4.5
Armour         | 4 |  4.7
Shields        | 4 |  4.3
Dodging        | |  0.4

Action                   |  1- 3 |  4- 6 || total
-------------------------+-------+-------++-------
Melee: Hand axe          |    43 |   128 ||   171
       War axe           |     2 |       ||     2
  Use: Potion            |       |     2 ||     2
       Scroll            |       |     1 ||     1
  Eat: Bread ration      |       |     1 ||     1
Armor: Scale mail        |    12 |    35 ||    47
Dodge: Dodged            |    14 |    21 ||    35
Block: Shield            |    22 |    57 ||    79
